 Dungeon Sprint DCSS version 0.27.1-34-g3ba077fa99 (webtiles) character file.

Game seed: 2967492899879504333

96 Arum the Shield-Bearer (level 4, -4/40 HPs)
             Began as a Formicid Fighter on Jan 16, 2022.
             Killed by nerve-wracking pain
             ... invoked by a shadow imp
              (8 damage)
             ... in the Dungeon (Sprint IX: "|||||||||||||||||||||||||||||").
             The game lasted 00:00:22 (64 turns).

Arum the Shield-Bearer (Formicid Fighter)             Turns: 64, Time: 00:00:23

Health: -4/40      AC:  7    Str: 22    XL:     4   Next: 98%
Magic:  4/4        EV:  9    Int:  7    God:
Gold:   0          SH: 10    Dex: 10    Spells: 3/3 levels left

rFire    . . .     SeeInvis +   a - +0 quarterstaff
rCold    . . .     Faith    .   c - +0 kite shield
rNeg     . . .     Spirit   .   b - +0 scale mail
rPois    .         Reflect  .   (helmet unavailable)
rElec    .         Harm     .   (no cloak)
rCorr    .         Rampage  .   (no gloves)
Will     .....                  (no boots)
Stlth    ..........             (no amulet)
HPRegen  0.13/turn              (no ring)
MPRegen  0.09/turn              (no ring)

@: mighty
A: permanent stasis, dig shafts and tunnels, antennae 3, four strong arms
a: Dig


You were in the Dungeon.
You visited 1 branch

Inventory:

Hand Weapons
 a - a +0 quarterstaff (weapon)
Armour
 b - a +0 scale mail (worn)
 c - a +0 kite shield (worn)
Potions
 e - a potion of curing
 f - a potion of heal wounds
 g - 2 potions of magic


   Skills:
 + Level 5.8 Fighting
 + Level 4.7 Staves
 + Level 5.8 Armour
 + Level 6.3 Shields


You had 3 spell levels left.
You didn't know any spells.
Your spell library was empty.

Dungeon Overview and Level Annotations

Branches:
Dungeon (1/1)

Altars:


Innate Abilities, Weirdness & Mutations

You cannot be hasted, slowed, berserked, paralysed or teleported.
You can dig through walls and to a lower floor.
You have a pair of large antennae on your head. (SInv)
Your four strong arms can wield two-handed weapons with a shield.


Message History

You block the black bear's attack.
The black bear claws you but does no damage.
The black bear barely misses you. The black bear bites you.
The black bear claws you but does no damage. x2
You sock the black bear!
The black bear is heavily wounded.
The black bear barely misses you. You block the black bear's attack.
The black bear claws you but does no damage.
You closely miss the black bear.
The black bear is heavily wounded.
The black bear bites you. The black bear claws you.
* * * LOW HITPOINT WARNING * * *
The black bear closely misses you.
You barely miss the black bear.
The black bear is heavily wounded.
The black bear bites you.
* * * LOW HITPOINT WARNING * * *
You block the black bear's attack.
The black bear claws you but does no damage.
You block the black bear's attack. The black bear closely misses you.
You block the black bear's attack.
You sock the black bear!
The black bear is almost dead.
The black bear goes berserk!
You hit the black bear.
You kill the black bear!
Your Fighting skill gained 2 levels and is now at level 5!
Your Staves skill gained 2 levels and is now at level 4!
Your Armour skill gained 2 levels and is now at level 5!
Your Shields skill gained 2 levels and is now at level 6!
You have reached level 3!
Your experience leads to an increase in your attributes!
Increase (S)trength, (I)ntelligence, or (D)exterity?
You feel stronger.
You have reached level 4!
You feel stronger.
You barely miss the shadow imp. The shadow imp gestures at you.
Pain shoots through your body!
You die... { ▓▓▓▓▓▓▓▓▓▓▓▓▓▓▓▓▓▓ +..ZZ5@.....)...<▓ ▓▓▓▓▓▓▓▓▓▓▓▓▓▓▓▓▓▓

You could see a shadow imp, a giant cockroach zombie and an adder skeleton.

Vanquished Creatures
  A black bear (D)
  An endoplasm (D)
  A giant cockroach (D)
  A hobgoblin (D)
  A kobold (D)
  A ball python skeleton (D)
  A bat (D)
7 creatures vanquished.

Notes
Turn   | Place    | Note
-------+----------+-------------------------------------------
     0 | D        | Arum the Formicid Fighter began the quest for the Orb.
     0 | D        | Reached XP level 1. HP: 18/18 MP: 1/1
    13 | D        | Reached skill level 4 in Shields
    20 | D        | Reached XP level 2. HP: 22/25 MP: 2/2
    52 | D        | Noticed a black bear
    63 | D        | Killed a black bear
    64 | D        | Reached skill level 5 in Fighting
    64 | D        | Reached skill level 5 in Armour
    64 | D        | Reached skill level 6 in Shields
    64 | D        | Reached XP level 3. HP: 3/34 MP: 3/3
    64 | D        | Reached XP level 4. HP: 4/40 MP: 4/4
    64 | D        | Killed from afar by a shadow imp

Illustrated notes

Levels and vault maps discovered:
D:        linesprint [early_d, line_temple, items_1, d_10, items_2, lair_1,
          lair_end, items_3, orc_1, orc_end, items_4, d_15, swamp_1, shoals_1,
          snake_1, spider_1, d_20, vaults_1, items_5, swamp_end, shoals_end,
          snake_end, spider_end, vaults_end, d_27, items_6, zot_1, zot_end,
          crypt_end, forest_end, elf_end, slime_end, tomb_end, abyss_end,
          pan_hell_end]

Skill      XL: |  1  2 |
---------------+-------+-----
Shields        | 4 6 |  6.3
Fighting       | 5 |  5.8
Staves         | 4 |  4.7
Armour         | 5 |  5.8

Action                   |  1- 3 |  4- 6 || total
-------------------------+-------+-------++-------
Melee: Quarterstaff      |    25 |     1 ||    26
  Use: Potion            |     1 |       ||     1
Armor: Scale mail        |    16 |       ||    16
Dodge: Dodged            |     8 |       ||     8
Block: Kite shield       |    14 |       ||    14
